 Dungeon Crawl Stone Soup version 0.29.0 (webtiles) character file.

Game seed: 1336787134340201993

560618 catcat the Conqueror (level 25, -22/257 HPs)
             Began as a Minotaur Fighter on Sept 4, 2022.
             Was the Champion of the Shining One.
             Annihilated by a green draconian monk (29 damage)
             ... on level 1 of the Realm of Zot on Sept 11, 2022.
             The game lasted 02:51:07 (80729 turns).

catcat the Conqueror (Minotaur Fighter)            Turns: 80729, Time: 02:51:08

Health: -22/257    AC: 34    Str: 36      XL:     25   Next: 33%
Magic:  31/40      EV: 16    Int: 10 (11) God:    the Shining One [******]
Gold:   5633       SH: 34    Dex: 11      Spells: 24/24 levels left

rFire   + + .      SeeInvis .   D - +9 broad axe (freeze)
rCold   + + .      Faith    +   n - +1 tower shield {reflect}
rNeg    + + +      Spirit   .   m - +1 plate armour {rF+}
rPois   +          Reflect  +   U - +1 hat "Piotz" {Str+4}
rElec   +          Harm     .   u - +1 cloak "Lum Beyn" {rElec Will+ Stlth+}
rCorr   +          Rampage  .   A - +1 pair of gloves of Jemuaxad {rCorr}
Will    +++..                   X - +2 pair of boots {Fly}
Stlth   ..........              o - amulet of the Quick Mangosteen {Faith +Blink rC+}
HPRegen 0.52/turn               c - ring "Reunai" {rPois rC+ rN+ MP+9}
MPRegen 0.27/turn               J - ring "Kyihog" {rElec rPois Will+ rCorr Int+6}

@: divinely shielded, flying, slowed, glowing, very slow
A: horns 2, retaliatory headbutt, deterioration 1, fire resistance 1, screaming
1
}: 3/15 runes: decaying, serpentine, silver
a: Renounce Religion, Evoke Blink, Divine Shield, Cleansing Flame, Summon Divine
Warrior, Brand Weapon With Holy Wrath


You were on level 1 of the Realm of Zot.
You worshipped the Shining One.
The Shining One was exalted by your worship.
You visited 11 branches of the dungeon, and saw 46 of its levels.
You also visited: Wizlab and Desolation.

You collected 6669 gold pieces.
You spent 1036 gold pieces at shops.

Inventory:

Hand Weapons
 D - a +9 broad axe of freezing (weapon)
Missiles
 w - 30 boomerangs (quivered)
 N - 9 javelins
 P - 6 boomerangs of dispersal
Armour
 m - a +1 plate armour of fire resistance (worn)
 n - a +1 tower shield of reflection (worn)
 r - the +1 pair of gloves of Noughts and Crosses {rF++ rC+ Will- Stlth+}
   (You found it on level 5 of the Vaults)

   rF:        It greatly protects you from fire.
   rC:        It protects you from cold.
   Will:      It decreases your willpower.
   Stlth:     It makes you more stealthy.
 u - the +1 cloak "Lum Beyn" (worn) {rElec Will+ Stlth+}
   (You found it on level 2 of the Snake Pit)

   rElec:     It insulates you from electricity.
   Will:      It increases your willpower.
   Stlth:     It makes you more stealthy.
 A - the +1 pair of gloves of Jemuaxad (worn) {rCorr}
   (You found it on level 12 of the Dungeon)

   rCorr:     It protects you from acid and corrosion.
 U - the +1 hat "Piotz" (worn) {Str+4}
   (You found it on level 4 of the Depths)

   Str:       It affects your strength (+4).
 X - a +2 pair of boots of flying (worn)
Jewellery
 c - the ring "Reunai" (left hand) {rPois rC+ rN+ MP+9}
   (You found it on level 3 of the Depths)

   [ring of magical power]

   rC:        It protects you from cold.
   rPois:     It protects you from poison.
   rN:        It protects you from negative energy.
   MP:        It affects your magic capacity (+9).
 g - the ring "Dinuen" {rElec rC- rCorr Str+8 Stlth+}
   (You found it on level 5 of the Lair of Beasts)

   [ring of resist corrosion]

   Str:       It affects your strength (+8).
   rC:        It makes you vulnerable to cold.
   rElec:     It insulates you from electricity.
   rCorr:     It protects you from acid and corrosion.
   Stlth:     It makes you more stealthy.
 i - a ring of willpower
 l - the ring "Zucuan" {rElec rPois rF+ rC- rCorr Str+5}
   (You found it in the Desolation of Salt)

   [ring of resist corrosion]

   Str:       It affects your strength (+5).
   rF:        It protects you from fire.
   rC:        It makes you vulnerable to cold.
   rElec:     It insulates you from electricity.
   rPois:     It protects you from poison.
   rCorr:     It protects you from acid and corrosion.
 o - the amulet of the Quick Mangosteen (around neck) {Faith +Blink rC+}
   (You found it in a wizard's laboratory)

   [amulet of faith]

   It allows you to gain divine favour quickly.
   rC:        It protects you from cold.
   +Blink:    It lets you blink.
 p - the amulet of Runn {Faith +Inv rCorr Str+3 Slay+2}
   (You took it off a deep elf blademaster on level 3 of the Elven Halls)

   [amulet of faith]

   It allows you to gain divine favour quickly.
   Str:       It affects your strength (+3).
   Slay:      It affects your accuracy & damage with ranged weapons and melee
   (+2).
   +Inv:      It lets you turn invisible.
   rCorr:     It protects you from acid and corrosion.
 E - a ring of poison resistance
 J - the ring "Kyihog" (right hand) {rElec rPois Will+ rCorr Int+6}
   (You found it on level 3 of the Depths)

   [ring of intelligence]

   Int:       It affects your intelligence (+6).
   rElec:     It insulates you from electricity.
   rPois:     It protects you from poison.
   rCorr:     It protects you from acid and corrosion.
   Will:      It increases your willpower.
 Z - a ring of willpower
Wands
 b - a wand of mindburst (34)
 t - a wand of quicksilver (38)
 x - a wand of flame (53)
 V - a wand of digging (21)
 Y - a wand of roots (20)
Scrolls
 e - 2 scrolls of enchant weapon
 f - 7 scrolls of poison
 k - 25 scrolls of teleportation
 v - 3 scrolls of blinking
 y - 4 scrolls of vulnerability
 z - 6 scrolls of immolation
 C - 8 scrolls of fear
 G - a scroll of amnesia
 I - 5 scrolls of butterflies
 K - a scroll of silence
 L - 3 scrolls of summoning
 M - 11 scrolls of enchant armour
 R - 2 scrolls of brand weapon
 W - 5 scrolls of magic mapping
Potions
 a - 5 potions of resistance
 d - 11 potions of might
 h - 9 potions of lignification
 j - 16 potions of mutation
 q - 4 potions of ambrosia
 B - 8 potions of attraction
 F - 23 potions of curing
 H - 3 potions of berserk rage
 O - 4 potions of cancellation
 S - 5 potions of haste
 T - 4 potions of heal wounds
Miscellaneous
 Q - a box of beasts


   Skills:
 O Level 27 Fighting
 - Level 18.0 Axes
 - Level 2.0 Throwing
 O Level 27 Armour
 + Level 20.3 Dodging
 - Level 22.1 Shields
 - Level 13.3 Invocations
 * Level 11.0 Evocations


You had 24 spell levels left.
You didn't know any spells.
Your spell library contained the following spells:

 Spells                   Type           Power      Damage    Failure   Level
 Apportation              Tloc           0%         N/A       83%         1
 Beastly Appendage        Tmut           0%         N/A       83%         1
 Magic Dart               Conj           0%         1d3       83%         1
 Slow                     Hex            0%         N/A       83%         1
 Sting                    Tmut/Pois      0%         1d3       83%         1
 Summon Small Mammal      Summ           0%         N/A       83%         1
 Blink                    Tloc           0%         N/A       92%         2
 Ensorcelled Hibernation  Hex/Ice        0%         N/A       92%         2
 Passwall                 Tmut/Erth      0%         N/A       92%         2
 Poisonous Vapours        Pois/Air       0%         N/A       92%         2
 Scorch                   Fire           0%         2d5       92%         2
 Static Discharge         Conj/Air       0%         3-3/arc   92%         2
 Sublimation of Blood     Necr           0%         N/A       92%         2
 Wereblood                Tmut           0%         N/A       92%         2
 Confusing Touch          Hex            0%         N/A       99%         3
 Conjure Flame            Conj/Fire      0%         6-21      99%         3
 Dazzling Flash           Conj/Hex       0%         N/A       99%         3
 Frozen Ramparts          Ice            0%         1d1       99%         3
 Gell's Gravitas          Tloc           0%         N/A       99%         3
 Ignite Poison            Fire/Tmut/Pois 0%         N/A       99%         3
 Lesser Beckoning         Tloc           0%         N/A       99%         3
 Ozocubu's Armour         Ice            0%         N/A       99%         3
 Portal Projectile        Hex/Tloc       0%         N/A       99%         3
 Spider Form              Tmut/Pois      0%         N/A       99%         3
 Stone Arrow              Conj/Erth      0%         3d7       99%         3
 Swiftness                Air            0%         N/A       99%         3
 Teleport Other           Tloc           0%         N/A       99%         3
 Tukima's Dance           Hex            0%         N/A       99%         3
 Vampiric Draining        Necr           0%         2d6       99%         3
 Cause Fear               Hex            0%         N/A       100%        4
 Dispel Undead            Necr           0%         3d6       100%        4
 Flame Wave               Conj/Fire      0%         2d4       100%        4
 Hailstorm                Conj/Ice       0%         3d3       100%        4
 Ice Form                 Ice/Tmut       0%         N/A       100%        4
 Leda's Liquefaction      Hex/Erth       0%         N/A       100%        4
 Olgreb's Toxic Radiance  Pois           0%         N/A       100%        4
 Sticky Flame             Conj/Fire      0%         2d3       100%        4
 Summon Ice Beast         Ice/Summ       0%         N/A       100%        4
 Agony                    Necr           0%         N/A       100%        5
 Alistair's Intoxication  Tmut/Pois      0%         N/A       100%        5
 Blade Hands              Tmut           0%         N/A       100%        5
 Borgnjor's Vile Clutch   Necr/Erth      0%         N/A       100%        5
 Fireball                 Conj/Fire      0%         3d3       100%        5
 Freezing Cloud           Conj/Ice/Air   0%         6-21      100%        5
 Iskenderun's Battlesphe  Conj           0%         2d6       100%        5
 Lee's Rapid Deconstruct  Erth           0%         3d5*      100%        5
 Lightning Bolt           Conj/Air       0%         1d11      100%        5
 Manifold Assault         Tloc           0%         N/A       100%        5
 Silence                  Hex/Air        0%         N/A       100%        5
 Summon Mana Viper        Hex/Summ       0%         N/A       100%        5
 Yara's Violent Unravell  Hex/Tmut       0%         3d3       100%        5
 Conjure Ball Lightning   Conj/Air       0%         3x3d6     100%        6
 Dispersal                Tloc           0%         N/A       100%        6
 Eringya's Noxious Bog    Tmut/Pois      0%         N/A       100%        6
 Simulacrum               Ice/Necr       0%         N/A       100%        6
 Starburst                Conj/Fire      0%         6d3       100%        6
 Statue Form              Tmut/Erth      0%         N/A       100%        6
 Summon Cactus Giant      Summ           0%         N/A       100%        6
 Dragon Form              Tmut           0%         N/A       100%        7
 Enfeeble                 Hex            0%         N/A       100%        7
 Monstrous Menagerie      Summ           0%         N/A       100%        7
 Orb of Destruction       Conj           0%         9d5       100%        7
 Ozocubu's Refrigeration  Ice            0%         4d7       100%        7
 Storm Form               Tmut/Air       0%         N/A       100%        7
 Summon Hydra             Summ           0%         N/A       100%        7
 Discord                  Hex            0%         N/A       100%        8
 Disjunction              Tloc           0%         N/A       100%        8
 Ignition                 Fire           0%         3d3       100%        8
 Dragon's Call            Summ           0%         N/A       100%        9
 Polar Vortex             Ice            0%         N/A       100%        9


Dungeon Overview and Level Annotations

Branches:
Dungeon (15/15)            Temple (1/1) D:7            Lair (5/5) D:11
  Swamp (4/4) Lair:3        Snake (4/4) Lair:2        Slime (0/5) Lair:5
    Orc (2/2) D:11            Elf (3/3) Orc:2        Vaults (5/5) D:13
  Crypt (1/3) Vaults:3     Depths (4/4) D:15            Zot (2/5) Depths:4
 WizLab (visited)         Desolation (visited)

Altars:
Ashenzari
Cheibriados
Dithmenos
Elyvilon
Fedhas
Gozag
Hepliaklqana
Kikubaaqudgha
Makhleb
Nemelex Xobeh
Okawaru
Qazlal
Ru
Sif Muna
Trog
Uskayaw
Vehumet
Wu Jian
Xom
Yredelemnul
Zin
The Shining One
Jiyva
Lugonu

Shops:
D:3 *   D:14 *   Orc:2 :(?[   Elf:2 [   Snake:1 !((   Snake:2 :[*:
Vaults:2 !*(   Depths:2 !**?   Depths:3 !

Portals:
Hell: Depths:1 Depths:2 Depths:3 Depths:4
Abyss: Depths:1 Depths:3
Pandemonium: Depths:2
Ziggurat: Depths:2

Annotations:
D:14 2 transporters, exclusion: obsidian statue, Ficoysum's ghost, journeyman GnWn
Lair:3 exclusion: 2 oklob plants
Orc:2 2 transporters, Toastz's ghost, journeyman DrSu
Elf:1 3 runed translucent doors, Ewetirimn's ghost, adept MiBe
Vaults:2 Zenata
Depths:2 3 runed translucent doors
Depths:3 2 transporters


Innate Abilities, Weirdness & Mutations

You have a pair of horns on your head.
You reflexively headbutt those who attack you in melee.
Your body sometimes deteriorates upon taking damage.
Your flesh is heat resistant. (rF+)
You occasionally shout uncontrollably at your foes.


Message History

The green draconian monk closely misses you.
You block the death cob's attack.
The yellow draconian annihilator gestures wildly while chanting.
The yellow draconian annihilator blinks!
The black draconian hits you but does no damage.
The green draconian monk hits you!!
* * * LOW HITPOINT WARNING * * *
Your body deteriorates!
You feel dopey.
The green draconian monk kicks you but does no damage.
The green draconian monk tail-slaps you but does no damage. x2
The death cob closely misses you.
You slice the black draconian!!
The black draconian seems to slow down.
You freeze the black draconian!
You kill the black draconian!
You hit the green draconian monk.
The green draconian monk seems to slow down.
You freeze the green draconian monk. You slash the death cob!
You block the death cob's attack.
The death cob hits you but does no damage.
The yellow draconian annihilator points at you and mumbles some strange words.
The bolt of lightning hits you! You resist.
* * * LOW HITPOINT WARNING * * *
You block the green draconian monk's attack.
The green draconian monk kicks you!
* * * LOW HITPOINT WARNING * * *
You block the green draconian monk's attack.
The green draconian monk tail-slaps you!
* * * LOW HITPOINT WARNING * * *
The death cob hits you but does no damage.
Your Evocations skill increases to level 11!
You are momentarily dazzled by a brilliant light.
The death cob barely misses you. You furiously retaliate!
You headbutt the death cob!! The death cob hits you!
* * * LOW HITPOINT WARNING * * *
You block the green draconian monk's attack. x3
The green draconian monk tail-slaps you but does no damage.
The death cob hits you!!
* * * LOW HITPOINT WARNING * * *
The green draconian monk hits you!!
You die...

#......# #..)#####.#..## #.######
#)..##...##..## #.#...#
#...##...##..## #.#...#
##..)##...##..#. #.#...######
#......#####.... #.##...#...#
#......# #.....
#.##.......####......# #.....
#.##.......#.......### ##.....
#.####....##z@.....## ##.....#
#.# #....#.#.)q.....###.....##
#.# #...###.A..#....##......# #.#
#......#..##..).#.......#
####.######...#..##...#.....#..#
...............q§.....[....##.>##
....(.................[[..###...#
.........................####...#
###.....#########................


You could see a green draconian monk (berserk, slow), a death cob (ally target),
a yellow draconian annihilator and a friendly angel (summoned).

Vanquished Creatures
  2 dread liches
  2 juggernauts
  Josephina (Depths:2)
  Sojobo (Depths:1)
  Frederick (Vaults:3)
  the Lernaean hydra (Swamp:4)
  Vashnia (Snake:2)
  Xtahua (Depths:2)
  Jory (Vaults:5)
  The ghost of cpf86 the Tortoise, an adept MiFi of Ru (Depths:4)
  6 golden dragons
  the Enchantress (Depths:2)
  A bone dragon (Depths:4)
  2 doom hounds (Depths:2)
  6 tentacled monstrosities
  Jorgrun (D:14)
  Mlioglotl (Swamp:1)
  A moon troll (WizLab)
  5 liches
  4 deep elf blademasters (Elf:3)
  3 quicksilver dragons
  7 titans
  A deep elf master archer (Elf:3)
  Grunn (Depths:2)
  A walking divine tome (Depths:3)
  5 tentacled starspawn (WizLab)
  The ghost of frimble the Victor of a Thousand Battles, an adept DsGl of Okawaru (Depths:1)
  5 sphinxes
  8 shadow dragons
  The ghost of Dorkslayer the Severer, an adept HOFi of Gozag (Depths:1)
  Kirke (D:12)
  11 tengu reavers
  Donald (Vaults:3)
  A fenstrider witch (Swamp:4)
  4 storm dragons
  Roxanne (D:14)
  An azure jelly (shapeshifter) (Depths:4)
  5 nagarajas
  2 draconian knights (Zot:1)
  10 frost giants
  Aizul (Vaults:4)
  2 draconian monks (Zot:1)
  2 draconian scorchers
  4 fire giants
  8 deep elf sorcerers
  2 iron dragons (Vaults:5)
  Louise (Elf:2)
  3 imperial myrmidons (Desolation)
  18 vault wardens
  6 deep elf elementalists (Elf:3)
  A draconian stormcaller (Zot:1)
  2 orc warlords
  3 draconian annihilators
  4 draconian shifters
  A cacodemon (WizLab)
  2 angels (Elf:1)
  21 ironbound preservers
  6 spriggan defenders
  25 very ugly things
  2 reapers (Depths:2)
  A war gargoyle (Vaults:5)
  6 ironbound thunderhulks
  A green draconian (Zot:2)
  A putrid mouth (Depths:2)
  6 vampire knights (Depths:3)
  22 stone giants
  11 deep elf annihilators
  6 dire elephants (Vaults:3)
  6 eleionomae
  3 deep elf demonologists (Elf:3)
  8 yellow draconians
  5 bunyips
  4 purple draconians
  3 entropy weavers
  4 black draconians
  An entropy weaver (shapeshifter) (Depths:2)
  A red draconian (Zot:1)
  6 white draconians
  4 halazid warlocks (Desolation)
  An eidolon (Vaults:3)
  14 ettins
  A blizzard demon (Depths:2)
  2 crystal guardians
  6 deep elf death magi (Elf:3)
  7 ragged hierophants (Desolation)
  12 great orbs of eyes
  11 deep elf high priests
  14 fire dragons
  3 jiangshi (Depths:3)
  2 rakshasas
  11 yaktaur captains
  6 peacekeepers
  42 vault guards
  12 servants of whispers (Desolation)
  6 ice dragons
  4 ghost crabs
  4 salamander tyrants
  19 hydras
  8 boulder beetles
  2 catoblepae
  23 naga warriors
  A death knight (D:15)
  14 anacondas
  6 spriggan air magi
  A tengu warrior (Depths:2)
  Erica (D:8)
  7 ogre magi
  8 alligators
  Erolcha (D:10)
  13 ironbound frosthearts
  25 dancing weapons
  23 two-headed ogres
  16 centaur warriors
  The ghost of kaikaun the Carver, a novice GnCA of Ignis (D:9)
  10 deep troll shamans
  6 death yaks
  12 deep troll earth magi
  7 shock serpents
  2 vampire magi (Depths:3)
  21 naga sharpshooters
  5 spriggan berserkers
  Nergalle (D:12)
  Sonja (Lair:5)
  21 deep elf knights
  7 hell knights
  A soul eater (Depths:4)
  A wretched star (WizLab)
  7 iron trolls
  2 skeletal warriors
  A sea snake (shapeshifter) (Vaults:5)
  4 salamander mystics
  59 deep trolls
  2 goliath frogs (Swamp:1)
  7 glowing orange brains
  Lodul (D:11)
  An iron troll (shapeshifter) (Vaults:5)
  An orange crystal statue (WizLab)
  A quicksilver dragon simulacrum (Depths:2)
  9 lindwurms
  13 naga ritualists
  3 phantasmal warriors
  2 spriggan druids (Swamp:4)
  3 flayed ghosts
  5 starcursed masses (WizLab)
  10 swamp dragons
  6 bog bodies
  11 deep elf archers
  18 ironbound convokers
  8 wizards
  3 necromancers
  A harpy (shapeshifter) (D:15)
  27 deep elf pyromancers
  7 harpies
  4 orc knights
  6 orc sorcerers
  A human zombie (Vaults:2)
  A stone giant zombie (Vaults:2)
  A cyclops (D:14)
  38 ugly things
  4 will-o-the-wisps
  13 mana vipers
  A wolf spider (Lair:5)
  30 deep elf zephyrmancers
  3 moths of wrath
  A salamander (shapeshifter) (Vaults:5)
  2 manticores
  11 salamanders
  10 guardian serpents
  Maurice (D:9)
  10 elephants
  A guardian serpent (shapeshifter) (Vaults:5)
  A molten gargoyle (Desolation)
  An elephant (shapeshifter) (Vaults:5)
  23 naga magi
  35 black mambas
  2 rust devils (Depths:2)
  4 gargoyles
  15 vault sentinels
  5 eyes of devastation (WizLab)
  12 cane toads
  Maggie (D:10)
  4 kobold demonologists
  A storm dragon simulacrum (Depths:2)
  2 rime drakes
  8 komodo dragons
  4 unseen horrors
  An unseen horror zombie (D:9)
  A spark wasp simulacrum (Depths:2)
  31 yaktaurs
  6 tengu conjurers
  2 freezing wraiths (D:15)
  A red devil (Depths:2)
  A queen bee (shapeshifter) (Vaults:5)
  A human skeleton (Vaults:2)
  A golden dragon simulacrum (Depths:2)
  A tyrant leech (shapeshifter) (Elf:3)
  8 hornets
  3 tyrant leeches
  4 trolls
  A polar bear (shapeshifter) (D:13)
  56 saltlings (Desolation)
  37 slime creatures
  11 blink frogs
  10 spriggans
  A flying skull (Vaults:3)
  3 air elementals
  Sigmund (D:6)
  A yak (shapeshifter) (D:15)
  70 yaks
  3 water elementals
  Eustachio (D:6)
  11 wyverns
  2 vampires (D:11)
  8 wraiths
  A fire elemental (Elf:2)
  3 redbacks
  A basilisk (shapeshifter) (D:13)
  3 hogs (D:12)
  5 basilisks
  A chaos spawn (Depths:2)
  4 neqoxecs (WizLab)
  2 steam dragons
  Edmund (D:6)
  A human simulacrum (Vaults:3)
  5 vampire mosquitoes
  14 swamp worms
  51 nagas
  5 wargs
  28 water moccasins
  An acid dragon (D:12)
  A floating eye (shapeshifter) (D:15)
  3 floating eyes
  17 orc warriors
  11 swamp drakes
  3 black bears
  4 sky beasts
  2 ice beasts (D:7)
  21 wolves
  33 ogres
  19 centaurs
  3 kobold brigands
  14 bullfrogs
  4 gnoll sergeants
  3 scorpions
  3 earth elementals (Elf:2)
  Blork the orc (D:6)
  A wyvern zombie (D:9)
  3 killer bees (D:10)
  4 electric eels
  2 jellies
  4 hounds
  Crazy Yiuf (D:4)
  13 orc priests
  A gnoll bouda (D:10)
  An iguana (D:4)
  23 orc wizards
  3 troll simulacra (D:11)
  10 gnolls
  11 adders
  4 shadow imps
  3 white imps
  An ufetubus (D:6)
  A worm (D:5)
  2 dart slugs
  67 orcs
  10 endoplasms
  9 giant cockroaches
  9 hobgoblins
  8 jackals
  5 quokkas
  6 ball pythons
  3 bats
  6 frilled lizards
  9 goblins
  16 kobolds
  10 rats
  9 starspawn tentacles (WizLab)
2013 creatures vanquished.

Vanquished Creatures (collateral kills)
  Bai Suzhen (Depths:1)
  2 tentacled starspawn (WizLab)
  A storm dragon (Vaults:5)
  A shadow dragon (Vaults:5)
  A cacodemon (WizLab)
  A deep elf elementalist (Elf:3)
  A reaper (Depths:2)
  2 very ugly things (WizLab)
  A starcursed mass (WizLab)
  A stone giant (WizLab)
  A war gargoyle (WizLab)
  A crystal guardian (WizLab)
  A yaktaur captain (Vaults:5)
  2 deep elf high priests
  5 hydras
  2 glowing orange brains (WizLab)
  6 bog bodies (Swamp:4)
  A vault sentinel (Vaults:5)
  A tyrant leech (Swamp:1)
  2 swamp worms
  2 swamp drakes (Swamp:4)
  2 starspawn tentacles (WizLab)
38 creatures vanquished.

Vanquished Creatures (others)
  A vampire knight (Depths:3)
  A deep elf annihilator (Elf:3)
  A hydra (Swamp:4)
  A peacekeeper (Desolation)
  A goliath frog (Swamp:1)
  An ironbound convoker (Vaults:2)
  A deep elf pyromancer (Elf:2)
  2 deep elf zephyrmancers
  2 bloated husks (Swamp:1)
  2 nagas
  A demonic plant (WizLab)
  14 foxfires
  92 fungi
  A pillar of salt (Desolation)
  178 plants
  10 starspawn tentacles (WizLab)
  6 withered plants (Depths:1)
315 creatures vanquished.

Grand Total: 2366 creatures vanquished

Notes
Turn   | Place    | Note
-------+----------+-------------------------------------------
     0 | D:1      | catcat the Minotaur Fighter began the quest for the Orb.
     0 | D:1      | Reached XP level 1. HP: 19/19 MP: 0/0
    46 | D:1      | Reached XP level 2. HP: 26/27 MP: 1/1
   404 | D:1      | Reached XP level 3. HP: 22/33 MP: 2/2
   756 | D:1      | Found a faded altar of an unknown god.
  1184 | D:2      | Identified the +7 dagger "catcat's Bane" {vorpal, Drain
                  | rC++ rN+++ Int-2}
  1346 | D:2      | Reached XP level 4. HP: 32/41 MP: 3/3
  1822 | D:3      | Reached skill level 5 in Axes
  2008 | D:3      | You fall into a shaft and drop 2 floors!
  2008 | D:5      | Entered Level 5 of the Dungeon
  2039 | D:5      | Reached XP level 5. HP: 47/47 MP: 4/4
  2085 | D:5      | Reached skill level 5 in Fighting
  2416 | D:5      | Reached XP level 6. HP: 51/56 MP: 5/5
  2426 | D:5      | Reached skill level 1 in Dodging
  2627 | D:4      | Found a blossoming altar of Fedhas.
  2668 | D:4      | Found a runed translucent door.
  2669 | D:4      | Noticed Crazy Yiuf
  2679 | D:4      | Killed Crazy Yiuf
  2679 | D:4      | HP: 2/56 [poisoned by Crazy Yiuf]
  3524 | D:3      | Found Xionucebb's Assorted Antiques.
  4211 | D:5      | Reached XP level 7. HP: 57/61 MP: 6/6
  4600 | D:6      | Noticed Blork the orc
  4604 | D:6      | Killed Blork the orc
  4834 | D:6      | Noticed Eustachio
  4844 | D:6      | Killed Eustachio
  4845 | D:6      | Reached skill level 5 in Armour
  4845 | D:6      | Reached XP level 8. HP: 52/68 MP: 7/7
  5060 | D:6      | Reached skill level 10 in Axes
  5090 | D:6      | Noticed Sigmund
  5305 | D:6      | Killed Sigmund
  5536 | D:6      | Noticed Edmund
  5564 | D:6      | Killed Edmund
  5895 | D:6      | Found a hazy altar of Hepliaklqana.
  6342 | D:7      | Reached XP level 9. HP: 47/75 MP: 8/8
  6684 | D:7      | Found a burning altar of Makhleb.
  6684 | D:7      | Noticed an Executioner
  6836 | D:7      | Found a staircase to the Ecumenical Temple.
  6850 | Temple   | Entered the Ecumenical Temple
  7060 | D:8      | Noticed Erica
  7073 | D:8      | Killed Erica
  8255 | D:9      | Reached XP level 10. HP: 86/86 MP: 9/9
  8264 | D:9      | Reached skill level 15 in Axes
  8494 | D:9      | Found a runed translucent gate.
  8494 | D:9      | Found a runed translucent gate.
  8494 | D:9      | Found a runed translucent gate.
  8494 | D:9      | Noticed kaikaun's ghost (novice GnCA)
  8578 | D:9      | Found a basalt altar of Yredelemnul.
  8621 | D:9      | Identified the ring of Munocebefi {Will+ MP+9}
  9159 | D:9      | Found a glowing silver altar of Zin.
  9160 | D:9      | Found a glowing golden altar of the Shining One.
  9161 | D:9      | Found a white marble altar of Elyvilon.
  9168 | D:9      | Became a worshipper of the Shining One
  9671 | D:9      | Killed kaikaun's ghost
  9672 | D:9      | Reached skill level 10 in Fighting
  9796 | D:10     | Entered Level 10 of the Dungeon
  9796 | D:10     | Noticed Maggie
  9804 | D:10     | Noticed a two-headed ogre
  9807 | D:10     | Killed Maggie
  9808 | D:10     | Reached XP level 11. HP: 89/100 MP: 10/10
  9912 | D:10     | Killed a two-headed ogre
  9913 | D:10     | Reached skill level 1 in Throwing
  9949 | D:10     | Noticed a catoblepas
  9964 | D:10     | Killed a catoblepas
 10340 | D:10     | Found an iron altar of Okawaru.
 10365 | D:10     | Noticed Maurice
 10595 | D:10     | Noticed Erolcha
 10780 | D:9      | Reached skill level 5 in Dodging
 10790 | D:9      | Killed Maurice
 11228 | D:10     | Killed Erolcha
 12075 | D:11     | Noticed Lodul
 12087 | D:11     | Killed Lodul
 12088 | D:11     | Reached skill level 1 in Invocations
 12097 | D:11     | Reached * piety under the Shining One
 12304 | D:11     | Found a staircase to the Orcish Mines.
 12832 | D:11     | Noticed a sixfirhy
 12842 | D:11     | Noticed a sixfirhy
 13130 | D:11     | Reached XP level 12. HP: 57/113 MP: 13/13
 13361 | D:11     | Found a staircase to the Lair.
 13564 | D:11     | Reached ** piety under the Shining One
 14178 | Lair:1   | Entered Level 1 of the Lair of Beasts
 14520 | Lair:1   | Reached skill level 10 in Armour
 14533 | Lair:1   | Reached skill level 5 in Shields
 15776 | Lair:2   | Found a staircase to the Snake Pit.
 15936 | Lair:2   | Reached skill level 10 in Shields
 16714 | Lair:3   | Noticed a four-headed hydra
 16752 | Snake:1  | Entered Level 1 of the Snake Pit
 16865 | Lair:3   | Reached XP level 13. HP: 122/122 MP: 15/15
 17342 | Lair:3   | Found a staircase to the Swamp.
 17880 | Lair:4   | Reached *** piety under the Shining One
 18422 | Lair:4   | Reached skill level 15 in Shields
 19071 | Lair:5   | Entered Level 5 of the Lair of Beasts
 19322 | Lair:5   | Reached skill level 5 in Invocations
 19845 | Lair:5   | Found a viscous altar of Jiyva.
 19852 | Lair:5   | Found a staircase to the Slime Pits.
 19946 | Lair:5   | Reached XP level 14. HP: 89/130 MP: 17/17
 20497 | Lair:5   | Identified the ring "Dinuen" {rElec rC- rCorr Str+8 Stlth+}
 20650 | Lair:5   | Noticed Sonja
 20669 | Lair:5   | Killed Sonja
 20945 | Lair:5   | Reached **** piety under the Shining One
 21051 | Lair:5   | Reached skill level 15 in Fighting
 21714 | Orc:1    | Entered Level 1 of the Orcish Mines
 21794 | Orc:1    | Paralysed by an orc sorcerer for 3 turns
 22056 | Orc:2    | Entered Level 2 of the Orcish Mines
 22371 | Orc:2    | Paralysed by something for 2 turns
 22637 | Orc:2    | Reached skill level 10 in Dodging
 22785 | Orc:2    | Reached ***** piety under the Shining One
 22786 | Orc:2    | Noticed an orc warlord
 23045 | Orc:1    | Killed an orc warlord
 23669 | Orc:2    | Found Feniocw's Magic Scroll Boutique.
 23669 | Orc:2    | Found Gehon's Armour Emporium.
 23670 | Orc:2    | Found Haumm's Book Shoppe.
 23670 | Orc:2    | Found Neschen's Antique Weapon Boutique.
 23689 | Orc:2    | Reached XP level 15. HP: 132/145 MP: 19/19
 24212 | Orc:2    | Found a staircase to the Elven Halls.
 24296 | Orc:2    | Found a transporter.
 24342 | Orc:2    | Noticed Toastz's ghost (journeyman DrSu)
 24401 | Orc:2    | Found a transporter.
 24513 | Orc:2    | Bought a +2 hat for 208 gold pieces
 26780 | Snake:1  | Found Bixito Ximef's Distillery.
 26787 | Snake:1  | Found Ogelun's Antique Weapon Emporium.
 26790 | Snake:1  | Found Kuoxko's Weapon Shoppe.
 27831 | Snake:2  | Noticed Vashnia
 27848 | Snake:2  | Killed Vashnia
 28299 | Snake:2  | Found Xifaz's Book Shoppe.
 28502 | Snake:2  | Identified the +1 cloak "Lum Beyn" {rElec Will+ Stlth+}
 28590 | Snake:2  | Found Buhat's Book Shoppe.
 28781 | Snake:2  | Found Cahi's Armour Boutique.
 29151 | Snake:2  | Found Deypti's General Store.
 29154 | Snake:2  | Bought a +1 pair of boots for 126 gold pieces
 29305 | Snake:2  | Bought a +2 pair of boots of flying for 301 gold pieces
 29334 | Snake:2  | You are sucked into a shaft and drop 1 floor!
 29553 | Snake:3  | Noticed a nagaraja
 29582 | Snake:3  | Killed a nagaraja
 29714 | Snake:3  | Found an opulent altar of Gozag.
 29927 | Snake:3  | Reached skill level 15 in Armour
 30388 | Snake:3  | Reached XP level 16. HP: 99/157 MP: 13/21
 32041 | Snake:4  | Entered Level 4 of the Snake Pit
 34616 | Snake:4  | Reached ****** piety under the Shining One
 35208 | Snake:4  | Reached XP level 17. HP: 142/172 MP: 22/22
 35603 | Snake:4  | Reached skill level 1 in Evocations
 36005 | Snake:4  | Got a serpentine rune of Zot
 36225 | Snake:1  | Bought a runed war axe for 169 gold pieces
 36312 | Swamp:1  | Entered Level 1 of the Swamp
 36312 | Swamp:1  | Noticed Mlioglotl
 36323 | Swamp:1  | Killed Mlioglotl
 38616 | Swamp:4  | Entered Level 4 of the Swamp
 39325 | Swamp:4  | Noticed the 27-headed Lernaean hydra
 39338 | Swamp:4  | Killed the 27-headed Lernaean hydra
 39603 | Swamp:4  | Reached skill level 5 in Evocations
 39940 | Swamp:4  | Got a decaying rune of Zot
 39960 | Swamp:4  | Identified the +2 ring mail of the Barnacle {-Cast Fly
                  | rElec rCorr}
 40297 | Swamp:4  | Reached skill level 10 in Invocations
 40297 | Swamp:4  | Reached XP level 18. HP: 167/185 MP: 24/24
 40300 | Swamp:4  | Noticed a tentacled monstrosity
 40312 | Swamp:4  | Killed a tentacled monstrosity
 40916 | D:12     | Noticed Nergalle
 40924 | D:12     | Killed Nergalle
 41047 | D:12     | Noticed Kirke
 41074 | D:12     | Killed Kirke
 41321 | D:12     | Identified the +1 pair of gloves of Jemuaxad {rCorr}
 41983 | D:13     | Found a gate to the Vaults.
 42401 | D:14     | Found Noavotrie's General Store.
 42411 | D:14     | Noticed Jorgrun
 42421 | D:14     | Killed Jorgrun
 42503 | D:14     | Found a transporter.
 42548 | D:14     | Noticed Roxanne
 42550 | D:14     | Noticed Ficoysum's ghost (journeyman GnWn)
 42555 | D:14     | Found a transporter.
 43218 | D:14     | Killed Roxanne
 43441 | D:15     | Entered Level 15 of the Dungeon
 43694 | D:15     | Gained mutation: You sometimes lose your temper in combat.
                  | [a neqoxec]
 43709 | D:15     | Lost mutation: You sometimes lose your temper in combat.
                  | [potion of mutation]
 43709 | D:15     | Gained mutation: You possess an exceptional clarity of
                  | mind. [potion of mutation]
 43709 | D:15     | Gained mutation: Your flesh is heat resistant. (rF+)
                  | [potion of mutation]
 43840 | D:15     | Found a staircase to the Depths.
 44973 | Vaults:1 | Entered Level 1 of the Vaults
 46360 | Vaults:1 | Reached XP level 19. HP: 180/201 MP: 25/25
 48103 | Vaults:2 | Found a magical portal.
 48108 | WizLab   | Entered Lehudib's Moon Base
 48221 | WizLab   | Found a transporter.
 48483 | WizLab   | Gained mutation: You are frail. (-10% HP) [a neqoxec]
 49530 | WizLab   | Found a transporter.
 50448 | WizLab   | Identified the amulet of the Quick Mangosteen {Faith +Blink
                  | rC+}
 50451 | WizLab   | Identified the +5 war axe "Transmigrator" {vamp, Will+
                  | Str+5}
 50539 | Vaults:2 | Lost mutation: You possess an exceptional clarity of mind.
                  | [potion of mutation]
 50539 | Vaults:2 | Lost mutation: You are frail. (-10% HP) [potion of
                  | mutation]
 50539 | Vaults:2 | Gained mutation: You are occasionally teleported next to
                  | monsters. [potion of mutation]
 50539 | Vaults:2 | Gained mutation: You have hidden genetic potential. [potion
                  | of mutation]
 50540 | Vaults:2 | Lost mutation: You have hidden genetic potential. [potion
                  | of mutation]
 50540 | Vaults:2 | Lost mutation: You are occasionally teleported next to
                  | monsters. [potion of mutation]
 50540 | Vaults:2 | Gained mutation: Your body sometimes deteriorates upon
                  | taking damage. [potion of mutation]
 51311 | Vaults:2 | Found Cinerhoa's Antique Weapon Emporium.
 51314 | Vaults:2 | Noticed Zenata
 51865 | Vaults:2 | Reached XP level 20. HP: 209/214 MP: 28/28
 51914 | Vaults:2 | Found Poddefoc's General Store.
 51915 | Vaults:2 | Found Someco's Distillery.
 52266 | Vaults:3 | You are sucked into a shaft and drop 1 floor!
 53058 | Vaults:3 | Reached skill level 27 in Fighting
 53297 | Vaults:3 | Found a staircase to the Crypt.
 53316 | Crypt:1  | Entered Level 1 of the Crypt
 53352 | Vaults:3 | Noticed Frederick
 53368 | Vaults:3 | Killed Frederick
 53596 | Vaults:3 | Noticed Donald
 53613 | Vaults:3 | Killed Donald
 55972 | Vaults:4 | Noticed Aizul
 55991 | Vaults:4 | Killed Aizul
 56601 | Elf:1    | Entered Level 1 of the Elven Halls
 56614 | Elf:1    | Reached XP level 21. HP: 213/224 MP: 29/29
 56764 | Elf:1    | Paralysed by an air elemental for 1 turns
 56810 | Elf:1    | Found a runed translucent gate.
 56811 | Elf:1    | Found a runed translucent gate.
 56858 | Elf:1    | Found a runed translucent gate.
 56861 | Elf:1    | Noticed Ewetirimn's ghost (adept MiBe)
 56948 | Elf:1    | Found a crumbling gateway.
 56950 | Elf:1    | Found a white marble altar of Elyvilon.
 56950 | Elf:1    | Found a glowing silver altar of Zin.
 56950 | Elf:1    | Found a glowing golden altar of the Shining One.
 57026 | Desolati | Entered the Desolation of Salt
 57504 | Desolati | Identified the +1 plate armour "Wewyam" {rF+ Regen+ Str-4
                  | Int+4}
 58033 | Desolati | Got the Verses on Putrescence and Transmigration
 58038 | Desolati | Got the Encyclopedia of the Summer
 58040 | Desolati | Got Juqinoff's Octavo of Bolts
 58052 | Desolati | Got the Cyclopedia of the Alluring Map
 58102 | Desolati | Got Xoezih's Compilation of Accompaniment and Striking
 58103 | Desolati | Identified the +9 scimitar of Chagrin {vorpal, rElec rF+}
 58109 | Desolati | Identified the ring "Zucuan" {rElec rPois rF+ rC- rCorr
                  | Str+5}
 58142 | Desolati | Identified the amulet of the Madman {Spirit Regen+ Int+4}
 58147 | Desolati | Identified the +4 long sword "Dumoshio" {elec, *Rage rElec
                  | rF+ rC+++}
 58628 | Elf:1    | Identified the +7 rapier of the Conjuring Saviour {protect,
                  | rPois rC++ rN+ Dex-5}
 58628 | Elf:1    | Identified the +7 ring mail of Impressiveness {rC+ rN+
                  | Stlth+}
 59185 | Elf:1    | Found an iron altar of Okawaru.
 59252 | Elf:2    | Found Cahi's Armour Shop.
 59706 | Elf:2    | Paralysed by an air elemental for 1 turns
 60203 | Elf:2    | Found a runed translucent gate.
 60204 | Elf:2    | Found a runed translucent gate.
 60204 | Elf:2    | Found a runed translucent gate.
 60212 | Elf:2    | Noticed Louise
 60247 | Elf:2    | Killed Louise
 60351 | Elf:2    | Reached skill level 15 in Dodging
 61188 | Elf:3    | Entered Level 3 of the Elven Halls
 61723 | Elf:3    | Reached XP level 22. HP: 223/233 MP: 30/30
 62177 | Elf:3    | Gained mutation: You occasionally shout uncontrollably at
                  | your foes. [a cacodemon]
 62249 | Elf:3    | Identified the +2 chain mail of the Depths {rC- Int+7}
 62761 | Elf:3    | Identified the +1 plate armour of the Sneaky Servitors {rC+
                  | rN+ Stlth+}
 62761 | Elf:3    | Identified the amulet of Runn {Faith +Inv rCorr Str+3
                  | Slay+2}
 62763 | Elf:3    | Identified the +10 dagger of the Crushed Wishes {freeze,
                  | Str+4}
 62763 | Elf:3    | Identified the amulet "Naulleox" {RegenMP rPois Slay-5
                  | Stlth+}
 63342 | Elf:3    | Identified the +8 spear of Duguj {antimagic, Str+4}
 64203 | Elf:3    | Identified the +1 leather armour "Siggium" {rElec rC-
                  | Stlth+}
 64214 | Elf:3    | Identified the +1 ring mail of the New World {rN+}
 64536 | Depths:1 | Entered Level 1 of the Depths
 64572 | Depths:1 | Noticed Bai Suzhen
 64582 | Depths:1 | Killed Bai Suzhen
 64600 | Depths:1 | Found a shimmering altar of Xom.
 64972 | Depths:1 | Found a gateway to Hell.
 64996 | Depths:1 | Found a shadowy altar of Dithmenos.
 65026 | Depths:1 | Noticed Sojobo
 65048 | Depths:1 | Killed Sojobo
 65049 | Depths:1 | HP: 10/233 [tengu reaver/+0 vorpal war axe[Sojobo] (6)]
 65051 | Depths:1 | HP: 3/233 [tengu reaver/+0 vorpal war axe[Sojobo] (13)]
 65051 | Depths:1 | The Shining One protects you from harm!
 65054 | Depths:1 | Found a corrupted altar of Lugonu.
 65054 | Depths:1 | Found a one-way gate to the infinite horrors of the Abyss.
 65054 | Depths:1 | HP: 1/233 [poisoned by a tengu reaver (bolt of poison)]
 65814 | Depths:1 | Found a runed translucent gate.
 65814 | Depths:1 | Found a runed translucent gate.
 65818 | Depths:1 | Found a runed translucent gate.
 65819 | Depths:1 | Noticed Dorkslayer's ghost (adept HOFi)
 65819 | Depths:1 | Noticed frimble's ghost (adept DsGl)
 66020 | Depths:1 | Identified the +8 great sword "Fukuwagu" {speed, rC+ rN+
                  | Str+2 Int-5}
 66596 | Depths:1 | Killed frimble's ghost
 66597 | Depths:1 | Killed Dorkslayer's ghost
 66928 | Depths:2 | Found a runed translucent door.
 66929 | Depths:2 | Found a runed translucent door.
 67098 | Depths:2 | Found a runed translucent door.
 67101 | Depths:2 | Identified the +6 great sword of Defence by Offence {flame,
                  | rN+ Str+4}
 67102 | Depths:2 | Found a runed translucent door.
 67139 | Depths:2 | Got Sif Muna's Textbook on Spatial Conflagration
 67166 | Depths:2 | Noticed a golden dragon
 67173 | Depths:2 | Killed a golden dragon
 67221 | Depths:2 | Noticed a juggernaut
 67237 | Depths:2 | Killed a juggernaut
 67354 | Depths:2 | Noticed Grunn
 67980 | Depths:2 | Killed Grunn
 68352 | Depths:2 | Reached XP level 23. HP: 230/240 MP: 31/31
 68369 | Depths:2 | Found Big Baal Hell's Store.
 68417 | Depths:2 | Found Jaimole's Magic Scroll Boutique.
 68432 | Depths:2 | Bought a scroll of blinking for 112 gold pieces
 68457 | Depths:2 | Found a one-way gate leading to the halls of Pandemonium.
 68516 | Depths:2 | Found a white marble altar of Elyvilon.
 68639 | Depths:2 | Noticed the Enchantress
 68723 | Depths:2 | Killed the Enchantress
 69093 | Depths:2 | Found a one-way gateway to a ziggurat.
 69100 | Depths:2 | Found Bexiymiek's General Store.
 69271 | Depths:2 | Identified the ring of Wopum {Ice Int+4}
 69271 | Depths:2 | Noticed Josephina
 69291 | Depths:2 | Killed Josephina
 69314 | Depths:2 | Found Zonkiehy's Distillery.
 69643 | Depths:3 | Noticed Xtahua
 69655 | Depths:2 | Killed Xtahua
 70050 | Depths:3 | Reached skill level 10 in Evocations
 70077 | Depths:3 | Identified the ring of Tiqop {Fly rC+}
 70494 | Depths:3 | Identified the ring "Kyihog" {rElec rPois Will+ rCorr
                  | Int+6}
 70537 | Depths:3 | Found a transporter.
 70556 | Depths:3 | Identified the +0 chain mail of Failure {Rampage *Slow +Inv
                  | rCorr}
 70738 | Depths:3 | Identified the ring "Reunai" {rPois rC+ rN+ MP+9}
 70864 | Depths:3 | Noticed a juggernaut
 70884 | Depths:3 | Killed a juggernaut
 71131 | Depths:3 | Noticed a dread lich
 71143 | Depths:3 | Killed a dread lich
 71365 | Depths:3 | Found Heosiod's Distillery.
 71426 | Depths:3 | Found a transporter.
 71432 | Depths:3 | Bought a potion of heal wounds for 120 gold pieces
 71454 | Depths:4 | Entered Level 4 of the Depths
 73218 | Depths:4 | Reached XP level 24. HP: 241/249 MP: 31/31
 73234 | Depths:4 | Found a runed translucent gate.
 73234 | Depths:4 | Noticed cpf86's ghost (adept MiFi)
 73235 | Depths:4 | Found a runed translucent gate.
 73379 | Depths:4 | Found a runed translucent gate.
 73738 | Depths:4 | Found a gate to the Realm of Zot.
 74220 | Depths:4 | Paralysed by a floating eye for 3 turns
 74265 | Depths:4 | Killed cpf86's ghost
 74546 | Depths:4 | Identified the +1 hat "Piotz" {Str+4}
 75218 | Vaults:5 | Entered Level 5 of the Vaults
 75876 | Vaults:5 | Identified the ring of Wonder {Fly MP+9 Int+7 Slay+2}
 76203 | Vaults:5 | Noticed Jory
 76211 | Vaults:5 | Noticed a dread lich
 76227 | Vaults:5 | Killed a dread lich
 76227 | Vaults:5 | Killed Jory
 76800 | Vaults:5 | Identified the +1 plate armour "Notentea" {Rampage Str+3}
 77120 | Vaults:5 | Identified the +1 ring mail of Parlour Games {Fly rPois
                  | rF+++ Int-5}
 77144 | Vaults:5 | Identified the +8 scimitar "Gaidgh" {vorpal, rPois rN+}
 77632 | Vaults:5 | Reached skill level 27 in Armour
 77940 | Vaults:5 | Identified the +1 pair of gloves of Noughts and Crosses
                  | {rF++ rC+ Will- Stlth+}
 78110 | Vaults:5 | Reached XP level 25. HP: 200/257 MP: 31/31
 78244 | Vaults:5 | Got a silver rune of Zot
 78248 | Vaults:5 | Got Sonuam's Volume of Jinxing and Accomplices
 78303 | Vaults:5 | Identified the +0 chain mail of Plasticity {Str+5}
 78648 | Vaults:5 | Identified a scroll of acquirement
 78659 | Vaults:5 | Acquired the +9 broad axe of Paper {vorpal, *Rage Int+9}
 78662 | Vaults:5 | Identified the +4 war axe "Dugust" {freeze, rElec rPois rC+
                  | Str+4}
 79128 | Zot:1    | Entered Level 1 of the Realm of Zot
 80729 | Zot:1    | HP: 7/257 [death cob (22)]
 80729 | Zot:1    | Annihilated by a green draconian monk

Illustrated notes

Levels and vault maps discovered:
D:1:      co_arrival_random_square_maze, layout_loops_ring, serial_forest,
          infiniplex_forest_lined_2, infiniplex_forest_clump_diagonal,
          infiniplex_forest_clump_curved, infiniplex_forest_lined_corner,
          infiniplex_forest_zigzag_1, infiniplex_forest_clump_small,
          infiniplex_forest_clump_long, shapermc_ecumenical_altar_mp_ritualfount
D:2:      layout_basic, grunt_ministairs_13, serial_bayou_lake_a
D:3:      layout_basic, serial_shops, nicolae_shop_overgrown_old_shop,
          minmay_parallelograms, minmay_box_of_dots
D:4:      layout_rooms, mainiacjoe_overflow_alcove_1, uniq_crazy_yiuf_cottage
D:5:      layout_basic
D:6:      layout_rooms, worldfamousw_hep_ancestral_shrine, grunt_decor_cap,
          uniq_blork_the_orc, uniq_edmund, uniq_sigmund, uniq_eustachio
D:7:      layout_loops_ring, makhleb_altar_promises_db,
          minmay_temple_entry_fiery
D:8:      layout_loops_ring, minmay_puff, uniq_erica
D:9:      layout_basic, good_gods_temple_1, nicolae_yredelemnul_ghost_church
D:10:     layout_cave_pools, okawaru_ov_weapons_minmay, serial_gnoll_camp,
          gnoll_camp_mini_sergeant, gnoll_camp_mini_hut, gnoll_camp_mini_hut,
          gnoll_camp_mini_hut, grunt_decor_one_mirror, uniq_maurice,
          uniq_maggie, uniq_erolcha
D:11:     layout_basic, due_lair_maze_entry_diamond, david_orc_3,
          portal_ice_cave_entry_ice_simulacra, kennysheep_small_square,
          uniq_lodul
D:12:     layout_basic, uniq_nergalle, uniq_kirke
D:13:     layout_irregular_city, david_vaults_5
D:14:     layout_roguey, dreamdust_princess_bridge, nzn_ghost_randoct,
          serial_shops, shop, uniq_roxanne, uniq_jorgrun
D:15:     gammafunk_enter_depths_forms, layout_gridville,
          nicolae_figureground_pulse, minmay_misc_feat_chi,
          chequers_serial_rivers_marsh
Temple:   nicolae_temple_ecumenical_triangle
Lair:1:   layout_small_grid, nicolae_lair_lindhole, lemuel_fruit_tree,
          grunt_megastairs_4
Lair:2:   layout_gridlike, minmay_snake_entry_guardpost_small
Lair:3:   minmay_lair_oklob_tunnel, layout_cellular_growth,
          skrybe_swamp_entry_bodies
Lair:4:   layout_hall_layers, serial_bayou_shore_a
Lair:5:   hangedman_lair_tendril_chambers, layout_cave_shapes,
          dpeg_slime_entry_corner, uniq_sonja
Swamp:1:  layout_basic_swamp, hangedman_swamp_diagram, uniq_mlioglotl
Swamp:2:  layout_basic_swamp, nicolae_swamp_some_circles, swamp_pool2
Swamp:3:  layout_basic_swamp, evilmike_swamp_ruin_house_6, swamp_pool5
Swamp:4:  grunt_swamp_rune_castle, layout_basic_swamp, swamp_pool1,
          infiniplex_staircase_pool
Snake:1:  layout_chambers, nicolae_triple_integral, minmay_shop_star
Snake:2:  layout_cave_pods, serial_shops, nicolae_shop_behind_doors,
          nicolae_diamond_shop, shop_statue, nicolae_shop_behind_doors,
          serial_bayou_shore_b, uniq_vashnia
Snake:3:  layout_layer_cave, basic_altar, hangedman_corner_corridor
Snake:4:  snake_pit, layout_cave_shapes, corexii_hall_statues_l,
          nicolae_snake_boneroom
Orc:1:    layout_caves
Orc:2:    st_orc_ogre_mass, layout_caves, gammafunk_ghost_stat_death
Elf:1:    minmay_elf_arrival_circle, layout_geoelf_diagonals,
          portal_desolation_entry_holy_temple, gammafunk_ghost_fury_of_okawaru,
          serial_corexii_hall, corexii_hall_statues_l,
          chequers_hall_statues_corner_a, chequers_hall_statues_y,
          corexii_hall_statues_x, chequers_hall_statues_y,
          chequers_hall_statues_wall_a
Elf:2:    nicolae_elf_blades_crystal_corner, layout_geoelf_grid, serial_shops,
          shop, uniq_louise
Elf:3:    minmay_elf_hall_hex, layout_gridlike
Vaults:1: vaults_mumra_hexcomb, ontoclasm_vaults_claustrophobia,
          hangedman_vaults_cutoff, nicolae_vaults_network_quinsquares
          [nicolae_vaults_network_quincunx_subvault,
          nicolae_vaults_network_quincunx_subvault,
          nicolae_vaults_network_quincunx_subvault,
          nicolae_vaults_network_quincunx_subvault],
          ontoclasm_vaults_ring_small, grunt_vaults_focal, v_alt_pattern_1,
          nicolae_vaults_alarming, layout_vaults_big_room, serial_glass
Vaults:2: mu_enter_wizlab_1, grunt_vaults_diagonal, vaults_dpeg_encased_lava,
          v_misc_1, nicolae_vaults_specimen_jars, v_pattern_3,
          ontoclasm_vaults_water_temple, v_alt_pattern_2,
          nicolae_vaults_network_star, vaults_mumra_chevron,
          vaults_room_ringed_pool, vaults_room_fours,
          vaults_mumra_minichess_inversion, ontoclasm_vaults_ring_large,
          layout_vaults_omnibox, serial_shops, shop, shop, shop, shop,
          nicolae_diamond_shop, uniq_zenata
Vaults:3: minmay_crypt_entry_simple_statues, nicolae_vaults_stairing_the_circle,
          serial_ice_m, hangedman_vaults_capsules, v_misc_30,
          nicolae_vaults_hallways_thing, hangedman_vaults_impose,
          hangedman_vaults_locks, hangedman_vaults_pinch, v_misc_29,
          layout_vaults_maze, uniq_frederick, uniq_donald
Vaults:4: nicolae_vaults_little_squares_2, grunt_vaults_hallway_long, v_misc_2,
          vaults_dpeg_doors, nicolae_vaults_shelves_hall, v_misc_11, v_rooms_5,
          ontoclasm_vaults_pinch, ontoclasm_vaults_eye, dpeg_vaults_monster_box,
          grunt_vaults_twisty, ontoclasm_vaults_gateway, vaults_room_door_ring,
          layout_vaults_omnicross, uniq_aizul
Vaults:5: serial_shops, uniq_jory
Crypt:1:  layout_gridlike, grunt_megastairs_5
Depths:1: minmay_open_boxes_in_corner, layout_small_grid,
          abyss_entry_flame_altar, hell_entry,
          grunt_dithmenos_smoke_and_mirrors, gammafunk_ghost_cemetery,
          xom_confusion_cloud, uniq_sojobo, uniq_bai_suzhen
Depths:2: impenetrable_vault, layout_basic, enter_ziggurat_b, serial_shops,
          nicolae_shop_waterfront, kennysheep_mini, shop,
          nicolae_elyvilon_temple_path, rand_demon_pan_entry_7,
          nicolae_hell_entry_big_baal_hell, dk_noncrumbling_2, uniq_enchantress,
          uniq_josephina, uniq_grunn
Depths:3: hangedman_spin_cycle, abyss_entry, hell_entry, uniq_xtahua
Depths:4: evilmike_zot_entry_hall, layout_honeycomb,
          hangedman_tar_grid_catacomb, gammafunk_ghost_split, serial_shops,
          bzr_entry_lakeside, lemuel_flamethrower_3
Zot:1:    layout_misc_corridors, hangedman_zot_decor_tridents
Zot:2:    layout_misc_corridors

Skill      XL: |  1  2  3  4  5  6  7  8  9 10 11 12 13 14 15 16 17 18 19 20 21 22 23 24 25 |
---------------+----------------------------------------------------------------------------+-----
Axes           | 3 4 5 6 8 9 12 14 16 18 | 18.0
Fighting       | 4 5 7 10 12 13 16 18 20 22 25 26 27 | 27.0
Dodging        | 2 3 4 6 8 10 11 12 13 14 15 18 19 20 | 20.3
Shields        | 4 12 15 16 21 22 | 22.1
Armour         | 5 7 9 10 12 15 17 18 20 22 23 27 | 27.0
Throwing       | 2 |  2.0
Invocations    | 3 4 6 7 8 9 10 13 | 13.3
Evocations     | 5 8 10 11 | 11.0

Action                   |  1- 3 |  4- 6 |  7- 9 | 10-12 | 13-15 | 16-18 | 19-21 | 22-24 | 25-27 || total
-------------------------+-------+-------+-------+-------+-------+-------+-------+-------+-------++-------
Melee: War axe           |    73 |   141 |   190 |   517 |  1016 |  1465 |  1557 |       |       ||  4959
       Headbutt          |    10 |     8 |    36 |   129 |   305 |   568 |   574 |   634 |    81 ||  2345
       Whip              |       |       |       |       |    21 |   100 |       |       |       ||   121
       Broad axe         |       |       |       |       |       |       |    60 |  1658 |   213 ||  1931
Throw: Dart              |       |       |     2 |     3 |    14 |       |       |       |       ||    19
       Boomerang         |       |       |       |       |     6 |    11 |     5 |       |       ||    22
Invok: Divine Shield     |       |       |       |       |     6 |     3 |     5 |     9 |     1 ||    24
       Summon Divine War |       |       |       |       |       |     2 |     2 |     4 |     1 ||     9
       Cleansing Flame   |       |       |       |       |       |       |     6 |    16 |       ||    22
Evoke: Wand              |       |       |       |       |     1 |       |       |       |       ||     1
       Box of beasts     |       |       |       |       |       |       |       |     2 |       ||     2
  Use: Scroll            |       |     1 |    11 |     5 |    14 |     9 |     5 |    11 |    10 ||    66
       Potion            |       |     1 |       |     3 |     2 |     2 |     3 |    11 |       ||    22
Armor: Scale mail        |    28 |    33 |       |    31 |    22 |       |       |       |       ||   114
       Chain mail        |       |       |    76 |   104 |    50 |       |       |       |       ||   230
       Plate armour      |       |       |       |       |    97 |   629 |   592 |   701 |    87 ||  2106
Dodge: Dodged            |    35 |    39 |    56 |   134 |   234 |   396 |   400 |   470 |    95 ||  1859
Block: Buckler           |    18 |    56 |    67 |   124 |       |       |       |       |       ||   265
       Reflection        |       |       |     3 |    11 |    77 |   104 |    86 |    84 |     4 ||   369
       Kite shield       |       |       |       |   128 |   855 |  1319 |  1008 |       |       ||  3310
       Tower shield      |       |       |       |       |       |       |    93 |  1594 |   163 ||  1850
